 Dungeon Crawl Stone Soup version 0.23-a0-398-g8eab93f (console) character file.

131 bli the Chopper (level 5, -1/41 HPs)
             Began as a Formicid Abyssal Knight on Nov 3, 2018.
             Was a Believer of Lugonu.
             Killed from afar by an orc wizard (6 damage)
             ... with a puff of frost
             ... on level 4 of the Dungeon.
             The game lasted 00:09:13 (2599 turns).

bli the Chopper (Formicid Abyssal Knight)           Turns: 2599, Time: 00:09:14

Health: -1/41      AC:  4    Str: 17    XL:     5   Next: 37%
Magic:  6/6        EV: 11    Int: 11    God:    Lugonu [**....]
Gold:   216        SH:  0    Dex: 11    Spells: 4/4 levels left

rFire    . . .     SeeInvis +   a - +1 hand axe
rCold    . . .     Gourm    .   (no shield)
rNeg     + . .     Faith    .   f - +0 troll leather armour
rPois    .         Spirit   .   (helmet unavailable)
rElec    .         Reflect  .   (no cloak)
rCorr    .         Harm     .   (no gloves)
MR       .....                  (no boots)
Stlth    ++........             (no amulet)
HPRegen  0.53/turn              p - ring of stealth
MPRegen  0.10/turn              o - ring of positive energy

@: no status effects
A: permanent stasis, dig shafts and tunnels, four strong arms, antennae 3
a: Dig, Shaft Self, Depart the Abyss, Bend Space, Renounce Religion


You were on level 4 of the Dungeon.
You worshipped Lugonu.
Lugonu was pleased with you.
You were hungry.

You visited 1 branch of the dungeon, and saw 4 of its levels.
You visited the Abyss 1 time.

You collected 216 gold pieces.

Inventory:

Hand Weapons
 a - a +1 hand axe (weapon)
Missiles
 e - 7 needles of frenzy
 l - 118 stones (quivered)
Armour
 b - a +0 leather armour
 f - a +0 troll leather armour (worn)
 t - a +2 chain mail of cold resistance
Jewellery
 o - a ring of positive energy (right hand)
 p - a ring of stealth (left hand)
 v - an uncursed ring of resist corrosion
Scrolls
 d - 2 scrolls of immolation {unknown}
 g - a scroll of blinking {unknown}
 j - 2 scrolls of identify {unknown}
 k - a scroll of noise {unknown}
 n - 3 scrolls of teleportation {unknown}
 q - a scroll of amnesia {unknown}
 r - a scroll of remove curse {unknown}
 x - a scroll of enchant armour {unknown}
Potions
 h - 2 potions of magic {unknown}
 i - a potion of agility {unknown}
 m - a potion of heal wounds {unknown}
 s - a potion of mutation {unknown}
 u - a potion of might {unknown}
 w - a potion of flight {unknown}
Comestibles
 c - 8 rations


   Skills:
 + Level 3.2 Fighting
 * Level 4.3 Axes
 + Level 3.1 Armour
 + Level 1.6 Dodging
 - Level 2.1 Invocations


You had 4 spell levels left.
You didn't know any spells.
Your spell library was empty.

Dungeon Overview and Level Annotations

Branches:
Dungeon (4/15)
 Temple: D:4-7

Altars:
Dithmenos
Hepliaklqana
Uskayaw
Yredelemnul
The Shining One


Innate Abilities, Weirdness & Mutations

You cannot be hasted, slowed, berserked, paralysed or teleported.
You can dig through walls and to a lower floor.
Your four strong arms can wield two-handed weapons with a shield.
You have a pair of large antennae on your head. (SInv)


Message History

The orc wizard hits you but does no damage. x2
You barely miss the orc wizard. You hit the orc. You hit the orc wizard.
The The orc wizard hits you but does no damage.
The orc wizard hits you with a +0 dagger.
You barely miss the orc.
The orc is heavily wounded.
You closely miss the orc wizard. You hit the orc wizard. The orc hits you with
* * * LOW HITPOINT WARNING * * *
The orc wizard hits you with a +0 dagger.
* * * LOW HITPOINT WARNING * * *
The orc wizard hits you with a +0 dagger.
* * * LOW HITPOINT WARNING * * *
You hit the orc but do no damage.
The orc is heavily wounded.
You barely miss the orc wizard. x2
The orc wizard hits you with a +0 dagger.
* * * LOW HITPOINT WARNING * * *
The orc wizard points at you and mumbles some strange words.
The puff of frost hits you!
You die...

...........<..#
..............##
.........##....#
.........#.#..##
..........#..#
..........#..#
...#........#
##....#.##
#....###
###.#### #o@.#
#..oo##
#........
.........#
.......###
.#....# #.### ##


You could see 2 orc wizards and an orc.

Vanquished Creatures
  3 adders
  A gnoll (D:1)
  An ooze (D:2)
  A worm (D:3)
  3 dart slugs
  A leopard gecko (D:3)
  7 orcs
  5 bats
  2 giant cockroaches (D:2)
  9 goblins
  10 hobgoblins
  7 jackals
  A quokka (D:3)
  7 frilled lizards
  3 kobolds
  8 rats
69 creatures vanquished.

Notes
Turn   | Place    | Note
-------+----------+-------------------------------------------
     0 | Abyss:1  | bli the Formicid Abyssal Knight began the quest for the
                  | Orb.
     0 | Abyss:1  | Reached XP level 1. HP: 18/18 MP: 2/2
    26 | Abyss:1  | Found a bloodstained altar of Trog.
    31 | Abyss:2  | Found a corrupted altar of Lugonu.
    56 | Abyss:2  | Found a shattered altar of Ashenzari.
    79 | Abyss:2  | Noticed a hell hog
    80 | Abyss:2  | Noticed a worldbinder
    80 | Abyss:2  | Noticed a hell hog
    80 | Abyss:2  | Noticed a large abomination
    83 | Abyss:2  | Noticed a dream sheep
    83 | Abyss:2  | Noticed a spiny frog
    84 | D:1      | Escaped the Abyss
   135 | D:1      | Reached XP level 2. HP: 22/24 MP: 3/3
   152 | D:1      | Reached * piety under Lugonu
   517 | D:2      | Reached skill level 1 in Dodging
   526 | D:2      | Reached XP level 3. HP: 24/29 MP: 4/4
   540 | D:2      | Reached skill level 3 in Axes
   567 | D:2      | Found a shadowy altar of Dithmenos.
   626 | D:2      | Reached XP level 4. HP: 19/35 MP: 5/5
   731 | D:2      | Found a hide-covered altar of Uskayaw.
   733 | D:2      | Found a basalt altar of Yredelemnul.
   912 | D:2      | Reached ** piety under Lugonu
  1356 | D:1      | You fall through a shaft!
  1601 | D:3      | Reached skill level 4 in Axes
  1601 | D:3      | Reached XP level 5. HP: 30/41 MP: 6/6
  2292 | D:3      | Found a hazy altar of Hepliaklqana.
  2532 | D:3      | Found a glowing golden altar of the Shining One.
  2599 | D:4      | Killed from afar by an orc wizard

Vault maps used:
D:1:      roderic_dead_forest, serial_curves, eino_curves_03, eino_curves_02,
          minmay_domino_2
D:2:      gammafunk_temple_overflow_forgotten, minmay_statues_item
D:3:      lemuel_coloured_pillars_altar, tso_altar
D:4:      kennysheep_little_box, lemuel_round_altar
Abyss:1:  hangedman_eye_storm

Skill      XL: |  1  2  3  4  5 |
---------------+----------------+-----
Dodging        | 1 |  1.6
Axes           | 3 4 |  4.3
Armour         | 3 |  3.1
Fighting       | |  3.2
Invocations    | |  2.1

Action                   |  1- 3 |  4- 6 || total
-------------------------+-------+-------++-------
Melee: Hand axe          |    71 |   143 ||   214
Throw: Stone             |     3 |    17 ||    20
Invok: Depart the Abyss  |     1 |       ||     1
 Abil: Dig               |       |     1 ||     1
 Stab: Sleeping          |       |     4 ||     4
  Eat: Chunk             |       |     5 ||     5
Armor: Leather armour    |    24 |    34 ||    58
       Troll leather arm |       |     6 ||     6
Dodge: Dodged            |    55 |    82 ||   137

Table legend:
 A = Non-vault XP
 B = Vault XP
 C = Vault XP percentage of total XP
 D = Non-vault monster count
 E = Vault monster count
 F = Vault count percentage of total count
                 A         B        C        D         E       F
            +---------+---------+-------+---------+---------+-------
      Total |     188 |       0 |   0.0 |      69 |       0 |   0.0
            +---------+---------+-------+---------+---------+-------
        D:1 |      44 |       0 |   0.0 |      17 |       0 |   0.0
        D:2 |      79 |       0 |   0.0 |      28 |       0 |   0.0
        D:3 |      58 |       0 |   0.0 |      21 |       0 |   0.0
        D:4 |       7 |       0 |   0.0 |       3 |       0 |   0.0
            +---------+---------+-------+---------+---------+-------
